 Dungeon Crawl Stone Soup version 0.28-a0-1624-g820543e53a (webtiles) character file.

Game seed: 195495090378814237

151 bladeefan the Chopper (level 5, -2/47 HPs)
             Began as a Minotaur Chaos Knight on Jan 23, 2022.
             Was a Plaything of Xom.
             Slain by a gnoll (10 damage)
             ... on level 3 of the Dungeon.
             The game lasted 00:03:40 (1950 turns).

bladeefan the Chopper (Minotaur Chaos Knight)       Turns: 1950, Time: 00:03:41

Health: -2/47      AC:  6    Str: 19    XL:     5   Next: 10%
Magic:  4/4        EV: 11    Int:  9    God:    Xom [.....*]
Gold:   65         SH:  0    Dex:  9    Spells: 4/4 levels left

rFire   . . .      SeeInvis .   a - +0 hand axe (chaos)
rCold   . . .      Faith    .   (no shield)
rNeg    . . .      Spirit   .   b - +2 leather armour
rPois   .          Reflect  .   (helmet restricted)
rElec   .          Harm     .   (no cloak)
rCorr   .          Rampage  .   d - +0 pair of gloves
Will    .....                   (no boots)
Stlth   +.........              (no amulet)
HPRegen 0.15/turn               g - ring of wizardry
MPRegen 0.09/turn               (no ring)

@: no status effects
A: horns 2, retaliatory headbutt
a: Renounce Religion


You were on level 3 of the Dungeon.
You worshipped Xom.
You were Xom's teddy bear.
You visited 1 branch of the dungeon, and saw 3 of its levels.

You collected 65 gold pieces.

Inventory:

Hand Weapons
 a - a +0 hand axe of chaos (weapon)
Armour
 b - a +2 leather armour (worn)
 d - a +0 pair of gloves (worn)
   (You found it on level 1 of the Dungeon)
Jewellery
 g - a ring of wizardry (left hand)
   (You found it on level 2 of the Dungeon)
Scrolls
 f - a scroll of immolation {!r}
 h - a scroll of amnesia
 i - a scroll of enchant weapon {unknown}
Potions
 e - a potion of curing {unknown}


   Skills:
 + Level 4.5 Fighting
 * Level 5.2 Axes
 + Level 3.6 Armour
 + Level 2.4 Dodging


You had 4 spell levels left.
You didn't know any spells.
Your spell library contained the following spells:

 Spells                   Type           Power      Damage    Failure   Level
 Anguish                  Hex/Necr       0%         N/A       86%         4
 Metabolic Englaciation   Hex/Ice        0%         N/A       99%         5
 Statue Form              Tmut/Erth      0%         N/A       100%        6


Dungeon Overview and Level Annotations

Branches:
Dungeon (3/15)

Altars:
Zin


Innate Abilities, Weirdness & Mutations

You have a pair of horns on your head.
You reflexively headbutt those who attack you in melee.


Message History

Key pressed, stopping explore.
Key pressed, stopping explore.
You enter the shallow water.
Moving in this stuff is going to be slow.
Key pressed, stopping explore.
You open the door.
A gnoll comes into view. It is wielding a +0 flail.
A gnoll is nearby!
A bat and 2 gnolls come into view.
The gnoll shouts!
There is an open door here.
A gnoll comes into view. It is wielding a +0 whip.
The gnoll shouts!
You barely miss the gnoll. Your headbutt misses the gnoll. You hit the bat.
The bat is poisoned.
You kill the bat!
The gnoll hits you but does no damage.
You barely miss the gnoll. Your headbutt misses the gnoll.
The gnoll closely misses you. You furiously retaliate!
You headbutt the gnoll! You hit the gnoll. The gnoll misses you.
You hit the gnoll. You freeze the gnoll. You hit the gnoll.
The gnoll resists with some effort.
You hit the gnoll.
The gnoll seems to speed up.
The gnoll hits you but does no damage. The gnoll barely misses you.
The gnoll hits you but does no damage. x2
You hit the gnoll but do no damage. You hit the gnoll. You freeze the gnoll.
You barely miss the gnoll. The gnoll hits you with a +0 whip.
The gnoll barely misses you.
You barely miss the gnoll. You hit the gnoll but do no damage. x2
You hit the gnoll.
The gnoll goes berserk!
The gnoll closely misses you. The gnoll hits you but does no damage.
The gnoll hits you with a +0 flail! The gnoll barely misses you.
The gnoll hits you with a +0 whip! The gnoll barely misses you.
You furiously retaliate!
You headbutt the gnoll. You hit the gnoll.
You kill the gnoll!
You barely miss the gnoll. You hit the gnoll. You freeze the gnoll.
You hit the gnoll.
The gnoll goes berserk!
The gnoll hits you with a +0 whip.
* * * LOW HITPOINT WARNING * * *
The gnoll barely misses you. The gnoll hits you with a +0 whip.
* * * LOW HITPOINT WARNING * * *
The gnoll hits you with a +0 whip.
* * * LOW HITPOINT WARNING * * *
The gnoll barely misses you.
There is an open door here.
You hear a shout!
The gnoll rages.
The gnoll rages.
The gnoll hits you with a +0 flail!
* * * LOW HITPOINT WARNING * * *
The gnoll hits you with a +0 flail!
You die...

# #........ . #........
#........ #........
#........ #........
##################).......
...........@ggg..'........
...........##....#........
##########.##....#########
#.†.##.......#######
#.######............
#.#### #.###.#######
#....###.# #.#
#.##..##.###.#
#.#....#...#.########


You could see 3 gnolls.

Vanquished Creatures
  A hound (D:2)
  Terence (D:2)
  A gnoll (D:3)
  4 adders (D:2)
  3 dart slugs
  A ball python (D:2)
  5 endoplasms
  3 giant cockroaches
  A goblin (D:2)
  5 hobgoblins
  2 jackals (D:2)
  A quokka (D:1)
  5 bats
  2 frilled lizards (D:1)
  6 kobolds
  5 rats
46 creatures vanquished.

Vanquished Creatures (collateral kills)
  A frilled lizard (D:2)
1 creature vanquished.

Grand Total: 47 creatures vanquished

Notes
Turn   | Place    | Note
-------+----------+-------------------------------------------
     0 | D:1      | bladeefan the Minotaur Chaos Knight began the quest for the
                  | Orb.
     0 | D:1      | Reached XP level 1. HP: 19/19 MP: 0/0
   240 | D:1      | XOM: potion effect (invisibility)
   244 | D:1      | Reached XP level 2. HP: 27/27 MP: 1/1
   264 | D:1      | Reached skill level 4 in Axes
   395 | D:1      | Got the Reference Book on Curses and the Mountains
   472 | D:1      | You fall into a shaft and drop 1 floor!
   536 | D:1      | XOM: silly message
   556 | D:1      | XOM: potion effect (might)
   587 | D:1      | Found a faded altar of an unknown god.
   888 | D:2      | Reached XP level 3. HP: 30/33 MP: 2/2
  1147 | D:2      | Reached XP level 4. HP: 40/40 MP: 3/3
  1331 | D:2      | Reached skill level 5 in Axes
  1409 | D:2      | Found a glowing silver altar of Zin.
  1417 | D:2      | XOM: silly message
  1500 | D:2      | Noticed Terence
  1505 | D:2      | XOM: summons 4 friendly demons
  1522 | D:2      | Killed Terence
  1523 | D:2      | Reached XP level 5. HP: 36/47 MP: 4/4
  1872 | D:3      | XOM: 1-stop teleportation journey
  1950 | D:3      | Slain by a gnoll

Illustrated notes

Levels and vault maps discovered:
D:1:      grunt_arrival_lava_bath, layout_basic,
          hellmonk_ecumenical_altar_heavens_door
D:2:      layout_basic, basic_altar, st_stairs_10,
          chequers_serial_rivers_large_a, chequers_serial_rivers_micro_d,
          chequers_serial_rivers_small_a, uniq_terence
D:3:      wander_river, layout_basic

Skill      XL: |  1  2  3  4 |
---------------+-------------+-----
Axes           | 4 5 |  5.2
Fighting       | 4 |  4.5
Armour         | 3 |  3.6
Dodging        | 2 |  2.4

Action                   |  1- 3 |  4- 6 || total
-------------------------+-------+-------++-------
Melee: Hand axe          |    66 |    40 ||   106
       Headbutt          |     6 |     4 ||    10
       Punch             |     2 |       ||     2
  Use: Scroll            |       |     2 ||     2
 Stab: Paralysed         |     1 |       ||     1
Armor: Leather armour    |    38 |    20 ||    58
Dodge: Dodged            |    35 |    23 ||    58

Table legend: (Time is in decaauts)
 A = Elapsed time spent in this place.
 B = Non-inter-level travel time spent in this place.
 C = Inter-level travel time spent in this place.
 D = Time resting spent in this place.
 E = Time spent auto-exploring this place.
 F = Levels seen in this place.
 G = Mean time per level.
                   A        B        C        D        E       F      G
               +--------+--------+--------+--------+--------+-----+--------+
         Total |   1975 |   1941 |     34 |    125 |   1486 |   3 |  658.3 |
       Dungeon |   1975 |   1941 |     34 |    125 |   1486 |   3 |  658.3 |
               +--------+--------+--------+--------+--------+-----+--------+

Top non-repeatable levels by time:
     D:2: 1027 daAuts
     D:1: 830 daAuts
     D:3: 117 daAuts
